 Dungeon Crawl Stone Soup version 0.28-a0-706-gf6f64a616a (webtiles) character file.

Game seed: 9952233484163863659

1208 KoroneIsBestGirl the Frost Mage (level 8, 0/52 HPs)
             Began as a Barachi Ice Elementalist on Oct 24, 2021.
             Was an Initiate of Gozag.
             Slain by a tengu conjurer (8 damage)
             ... summoned by the darkness of Dithmenos
             ... on level 4 of the Dungeon.
             The game lasted 00:08:24 (6464 turns).

KoroneIsBestGirl the Frost Mage (BaIE)              Turns: 6464, Time: 00:08:24

Health: 0/52       AC:  4    Str: 10    XL:     8   Next: 45%
Magic:  17/17      EV: 14    Int: 17    God:    Gozag
Gold:   352        SH:  0    Dex: 13    Spells: 15/19 levels left

rFire   x . .      SeeInvis .   s - +2 quarterstaff (chaos)
rCold   + . .      Faith    .   (shield currently unavailable)
rNeg    . . .      Spirit   .   a - +0 robe
rPois   .          Reflect  .   f - +0 helmet
rElec   .          Harm     .   b - +0 cloak
rCorr   .          Rampage  .   (no gloves)
Will    .....                   (no boots)
Stlth   +.........              (no amulet)
HPRegen 0.17/turn               o - ring of ice
MPRegen 0.15/turn               (no ring)

@: confused, ambrosia-drunk, slow
A: amphibious, slowness 1, strong legs 1, +LOS
a: Hop, Renounce Religion, Potion Petition, Call Merchant, Bribe Branch


You were on level 4 of the Dungeon.
You worshipped Gozag.
Gozag was aware of your devotion.
You visited 1 branch of the dungeon, and saw 5 of its levels.

You collected 463 gold pieces.
You paid 111 gold pieces to Gozag.

Inventory:

Hand Weapons
 d - a +0 long sword
 s - a +2 quarterstaff of chaos (weapon)
Missiles
 x - a throwing net
Armour
 a - a +0 robe (worn)
 b - a +0 cloak (worn)
 f - a +0 helmet (worn)
Jewellery
 o - a ring of ice (left hand)
Wands
 i - a wand of iceblast (4)
Scrolls
 c - a scroll of noise {unknown}
 h - 2 scrolls of enchant weapon {unknown}
 j - 4 scrolls of identify {unknown}
 l - a scroll of amnesia {unknown}
 m - 2 scrolls of teleportation {unknown}
 n - a scroll of enchant armour {unknown}
 t - a scroll of acquirement {unknown}
 u - a scroll of holy word {unknown}
 w - 2 scrolls of immolation {unknown}
Potions
 e - a potion of magic
 p - 2 potions of degeneration {unknown}
 q - a potion of brilliance {unknown}
 r - a potion of attraction {unknown}
 v - 2 potions of mutation {unknown}
 z - 2 potions of might {unknown}


   Skills:
 + Level 6.5 Dodging
 - Level 1.7 Stealth
 + Level 6.0 Spellcasting
 + Level 8.4 Ice Magic


You had 15 spell levels left.
You knew the following spells:

 Your Spells              Type           Power      Damage    Failure   Level
a - Freeze                Ice            100%       1d11      1%          1
b - Frozen Ramparts       Ice            100%       1d12      1%          3

Your spell library contained the following spells:

 Spells                   Type           Power      Damage    Failure   Level
 Ozocubu's Armour         Ice            50%        N/A       1%          3
 Corpse Rot               Necr/Air       10%        N/A       19%         2
 Poisonous Vapours        Pois/Air       10%        N/A       19%         2
 Slow                     Hex            5%         N/A       19%         2
 Hailstorm                Conj/Ice       29%        3d8       22%         4
 Confusing Touch          Hex            5%         N/A       36%         3
 Yara's Violent Unravell  Hex/Tmut       2%         3d3       98%         5


Dungeon Overview and Level Annotations

Branches:
Dungeon (5/15)             Temple (0/1) D:5

Altars:
Dithmenos
Gozag

Shops:
D:5 *


Innate Abilities, Weirdness & Mutations

You are amphibious.
You cover ground slowly.
You can hop short distances.
You have an extended range of vision and can be seen from far away.


Message History

The centaur kicks you but does no damage.
You hit the centaur.
The centaur is moderately wounded.
The centaur misses you. The centaur closely misses you. The centaur hits you.
The centaur misses you.
You bump into the rock wall.
The centaur closely misses you. x2
The tengu conjurer barely misses you.
The tengu conjurer pecks you but does no damage.
The tengu conjurer barely misses you. The centaur hits you.
The centaur barely misses you.
You closely miss the centaur.
The centaur is lightly wounded.
The centaur closely misses you. x2; The tengu conjurer hits you.
The tengu conjurer closely misses you. x2; The centaur hits you.
* * * LOW HITPOINT WARNING * * *
The centaur kicks you.
* * * LOW HITPOINT WARNING * * *
You feel better.
The tengu conjurer hits you but does no damage.
The tengu conjurer pecks you but does no damage.
The tengu conjurer misses you. The centaur misses you. x2
The centaur wields a +0 shortbow.
The centaur shoots an arrow.
The arrow hits you!
* * * LOW HITPOINT WARNING * * *
The tengu conjurer casts a spell at you.
The bolt of lightning misses you.
The centaur shoots an arrow.
The arrow hits you.
* * * LOW HITPOINT WARNING * * *
The tengu conjurer mumbles some strange words.
The tengu conjurer conjures a globe of magical energy!
A battlesphere comes into view.
You are confused.
You feel invigorated.
The centaur shoots an arrow.
The arrow completely misses you.
The centaur unwields a +0 shortbow.
The centaur hits you.
* * * LOW HITPOINT WARNING * * *
The centaur kicks you but does no damage.
The tengu conjurer hits you!
You die...
Your body crumbles into a pile of gold.

.......................# #.......
#.#..........####.##..## ###...#.
#...........## ###..## ######
...........## ##.#########.##.
..........## ###..[............
..........## ###.......#..#...###
.#.#.......###.......#####.....#.
######.........(........#...#....
#.....#....c@...........###.#
#.....##...Q*............##..
#....)#[....##............#..
#....[...........#....)...#..
###....)>........##....##..#..
#.....#.##.##.................
###.###..#.##.......[#........
#.........##....(.<##.....##
##.........#......[........#


You could see a tengu conjurer (summoned), a centaur (summoned) and a
battlesphere.

Vanquished Creatures
  Sigmund (D:2)
  A sky beast (D:5)
  An ogre (D:5)
  2 phantoms
  A water moccasin skeleton (D:4)
  A howler monkey (D:4)
  2 hounds
  5 orc priests
  A gnoll shaman (D:4)
  Crazy Yiuf (D:3)
  A bullfrog skeleton (D:4)
  Jessica (D:2)
  6 orc wizards
  2 hound skeletons (D:5)
  2 adders
  3 gnolls (D:4)
  An adder skeleton (D:4)
  A worm (D:2)
  6 dart slugs
  13 orcs
  6 endoplasms
  3 giant cockroaches
  7 goblins
  4 hobgoblins
  3 jackals (D:2)
  2 quokkas (D:1)
  9 ball pythons
  4 bats
  2 frilled lizards
  6 kobolds
  15 rats
113 creatures vanquished.

Vanquished Creatures (others)
  2 fungi (D:3)
2 creatures vanquished.

Grand Total: 115 creatures vanquished

Notes
Turn   | Place    | Note
-------+----------+-------------------------------------------
     0 | D:1      | KoroneIsBestGirl the Barachi Ice Elementalist began the
                  | quest for the Orb.
     0 | D:1      | Reached XP level 1. HP: 13/13 MP: 3/3
   274 | D:1      | Reached skill level 5 in Ice Magic
   279 | D:1      | Reached XP level 2. HP: 19/19 MP: 5/5
   281 | D:1      | Found a faded altar of an unknown god.
   295 | D:1      | Prayed at the altar of an unknown god.
   295 | D:1      | Became a worshipper of Dithmenos the Shadowed
   295 | D:1      | Reached * piety under Dithmenos
  1041 | D:1      | Reached XP level 3. HP: 24/24 MP: 7/7
  2026 | D:2      | Learned a level 3 spell: Frozen Ramparts
  2326 | D:2      | Noticed Sigmund
  2894 | D:2      | Killed Sigmund
  2895 | D:2      | Reached skill level 6 in Ice Magic
  2895 | D:2      | Reached XP level 4. HP: 22/30 MP: 0/9
  2895 | D:2      | Reached XP level 5. HP: 26/35 MP: 0/10
  3414 | D:2      | Reached ** piety under Dithmenos
  3454 | D:2      | Noticed Jessica
  3471 | D:2      | Killed Jessica
  3472 | D:2      | Reached XP level 6. HP: 27/41 MP: 11/11
  4459 | D:3      | Found a runed translucent door.
  4460 | D:3      | Noticed Crazy Yiuf
  4466 | D:3      | Killed Crazy Yiuf
  4636 | D:4      | Reached skill level 7 in Ice Magic
  4636 | D:4      | Reached XP level 7. HP: 44/46 MP: 13/13
  4650 | D:4      | Reached skill level 5 in Dodging
  5009 | D:5      | Entered Level 5 of the Dungeon
  5239 | D:4      | Reached skill level 5 in Spellcasting
  5381 | D:4      | Reached *** piety under Dithmenos
  5595 | D:4      | Found an opulent altar of Gozag.
  5605 | D:4      | Fell from the grace of Dithmenos
  5605 | D:4      | Became a worshipper of Gozag Ym Sagoz the Greedy
  5920 | D:5      | Reached XP level 8. HP: 49/52 MP: 16/16
  5953 | D:5      | Found a staircase to the Ecumenical Temple.
  6000 | D:5      | Reached skill level 8 in Ice Magic
  6276 | D:5      | Found Ofeoq's Assorted Antiques.
  6344 | D:5      | Noticed a cyclops
  6344 | D:5      | Noticed a deep elf pyromancer
  6456 | D:4      | Noticed a tengu conjurer
  6464 | D:4      | Slain by a tengu conjurer

Illustrated notes

Levels and vault maps discovered:
D:1:      dpeg_arrival_renting, layout_loops_ring, shapermc_ecumenical_altar_gd
D:2:      layout_loops_ring, minmay_rat_gold_closets, uniq_sigmund, uniq_jessica
D:3:      layout_rooms, nrook_mini_vaults, uniq_crazy_yiuf_cottage
D:4:      layout_cave_pools, mainiacjoe_overflow_boulevard
D:5:      layout_gridville, mainiacjoe_overflow_big_doors,
          minmay_temple_entry_arrows, serial_shops, shop_coins

Skill      XL: |  1  2  3  4  5  6  7  8 |
---------------+-------------------------+-----
Ice Magic      | 5 6 7 8 |  8.4
Dodging        | 4 5 6 |  6.5
Spellcasting   | 3 4 5 6 |  6.0
Stealth        | |  1.7

Action                   |  1- 3 |  4- 6 |  7- 9 || total
-------------------------+-------+-------+-------++-------
Melee: Long sword        |   106 |    43 |       ||   149
       Quarterstaff      |       |    16 |    67 ||    83
 Cast: Freeze            |     6 |    28 |    25 ||    59
       Frozen Ramparts   |     1 |     5 |     6 ||    12
 Abil: Hop               |     1 |     1 |     4 ||     6
  Use: Potion            |       |       |    10 ||    10
 Stab: Sleeping          |     4 |     6 |       ||    10
       Paralysed         |       |       |     1 ||     1
       Distracted        |       |       |     1 ||     1
Armor: Robe              |    26 |    14 |    18 ||    58
Dodge: Dodged            |   120 |    53 |   116 ||   289

Table legend: (Time is in decaauts)
 A = Elapsed time spent in this place.
 B = Non-inter-level travel time spent in this place.
 C = Inter-level travel time spent in this place.
 D = Time resting spent in this place.
 E = Time spent auto-exploring this place.
 F = Levels seen in this place.
 G = Mean time per level.
                   A        B        C        D        E       F      G
               +--------+--------+--------+--------+--------+-----+--------+
         Total |   7057 |   6910 |    147 |   1400 |   4480 |   5 | 1411.4 |
       Dungeon |   7057 |   6910 |    147 |   1400 |   4480 |   5 | 1411.4 |
               +--------+--------+--------+--------+--------+-----+--------+

Top non-repeatable levels by time:
     D:1: 2466 daAuts
     D:2: 1640 daAuts
     D:3: 1111 daAuts
     D:4: 1067 daAuts
     D:5: 771 daAuts
